 Dungeon Crawl Stone Soup version 0.30-a0-802-gb92711bcdf (console) character file.

Game seed: 16896055699256900563

2681 jejorda2 the Spear-Bearer (level 9, -1/69 HPs)
             Began as a Merfolk Berserker on Feb 23, 2023.
             Was a Priest of Trog.
             Slain by a killer bee (4 damage)
             ... on level 7 of the Dungeon.
             The game lasted 00:13:36 (5886 turns).

jejorda2 the Spear-Bearer (Merfolk Berserker)       Turns: 5886, Time: 00:13:37

Health: -1/69      AC: 18    Str: 21    XL:     9   Next: 64%
Magic:  9/9        EV: 10    Int:  6    God:    Trog [***...]
Gold:   132        SH:  0    Dex: 14    Spells: 8/8 levels left

rFire   . . .      SeeInvis .    a - +0 glaive
rCold   . . .      Faith    .    (shield currently unavailable)
rNeg    . . .      Spirit   .    B - +0 plate armour
rPois   .          Reflect  .    A - +0 helmet
rElec   .          Harm     .    q - +0 cloak
rCorr   .          Rampage  .    t - +0 pair of gloves
Will    ++...                    (boots currently unavailable) Stlth
                                 i - amulet of the acrobat
HPRegen 1.31/turn                D - +4 ring of protection
MPRegen 0.11/turn                (no ring)

@: lethally poisoned (-1 -> -7), strong-willed, on berserk cooldown,
regenerating, slowed, quick
A: nimble swimmer 2, mertail
a: Renounce Religion, Berserk, Trog's Hand


You were on level 7 of the Dungeon.
You worshipped Trog.
Trog was most pleased with you.
You visited 1 branch of the dungeon, and saw 7 of its levels.

You collected 228 gold pieces.
You spent 96 gold pieces at shops.

Inventory:

Hand Weapons
 a - a +0 glaive (weapon)
 b - a +0 trident
 y - a +1 heavy bardiche
Missiles
 m - 2 boomerangs
 o - 15 poisoned darts (quivered)
 v - 47 stones
Armour
 d - a +0 pair of boots (melded)
 q - a +0 cloak (worn)
 t - a +0 pair of gloves (worn)
 A - a +0 helmet (worn)
 B - a +0 plate armour (worn)
Jewellery
 i - an amulet of the acrobat (around neck)
 D - a +4 ring of protection (left hand)
Wands
 n - a wand of flame (23)
 r - a wand of mindburst (11)
 s - a wand of iceblast (13)
 w - a wand of polymorph (10)
 C - a wand of light (8)
Scrolls
 g - a scroll of enchant weapon
 j - 2 scrolls of teleportation
Potions
 c - a potion of ambrosia {unknown}
 f - a potion of heal wounds
 h - 7 potions of curing
 k - 3 potions of attraction
 l - a potion of flight
 p - 2 potions of mutation
 u - a potion of might
 z - a potion of cancellation
 E - a potion of magic {unknown}


   Skills:
 - Level 6.0 Fighting
 * Level 12.5 Polearms
 + Level 3.3 Armour
 - Level 6.0 Dodging
 + Level 5.0 Evocations


You had 8 spell levels left.
You didn't know any spells.
Your spell library was empty.

Dungeon Overview and Level Annotations

Branches:
Dungeon (7/15)             Temple (0/1) D:4

Altars:
Dithmenos
Gozag
Vehumet
Zin
The Shining One

Shops:
D:1 (:*((   D:6 (


Innate Abilities, Weirdness & Mutations

You are very nimble when in or above water. (Stealth+, EV+, Speed+++)
Your lower body shifts to a powerful aquatic tail in water.


Message History

The killer bee barely misses you. The killer bee stings you.
You hit the killer bee but do no damage.
The killer bee is moderately wounded.
You feel very sick. The killer bee closely misses you.
The killer bee stings you.
You are more poisoned.
The killer bee poisons you! The killer bee stings you!
The killer bee stings you.
You are too injured to fight recklessly!
You are too injured to fight recklessly!
You are too injured to fight recklessly!
You are too injured to fight recklessly!
You are too injured to fight recklessly!
You are too injured to fight recklessly!
You miss the killer bee.
Your tail-slap misses the killer bee.
You feel very sick.
The killer bee closely misses you. x3; The killer bee barely misses you. x2
The killer bee closely misses you. The killer bee stings you.
* * * LOW HITPOINT WARNING * * *
The killer bee stings you but does no damage.
You closely miss the killer bee.
Your tail-slap misses the killer bee.
You are no longer berserk.
You are exhausted.
You feel yourself slow down.
You feel very sick.
The killer bee stings you but does no damage. x2
The killer bee barely misses you. The killer bee stings you.
* * * LOW HITPOINT WARNING * * *
You miss the killer bee.
* * * LOW HITPOINT WARNING * * *
You feel extremely sick. The killer bee barely misses you.
The killer bee stings you but does no damage.
The killer bee stings you.
* * * LOW HITPOINT WARNING * * *
The killer bee closely misses you. The killer bee stings you.
* * * LOW HITPOINT WARNING * * *
The killer bee stings you but does no damage.
The killer bee stings you.
You die...

#........P~P~.~~~♣####
#....#...~~~~.~~~♣.).#
#....#...~~~~.~~~♣...#
######...P~~~.~~~♣.$.###
..........~♣~.~~~~..../.
##########♣♣~.~~)...(.##
♣~.~~~...#.#
#P♣~.~~~...# #
♣~~.~y@y..# ♣≈~.~yy♣~.#
♣~~.~~~♣♣~~♣ ♣~~.~~~♣
♣♣♣ ♣♣~.~~~~ #~~.~~~~
##~.~~~~ ........


You could see 4 killer bees.

Vanquished Creatures
  Grinder (D:6)
  2 water moccasins
  2 orc warriors
  An ice beast (D:6)
  A black bear (D:4)
  A sky beast (D:7)
  2 ogres
  A centaur (D:6)
  3 necrophages
  A bullfrog (D:6)
  7 scorpions
  2 killer bees (D:7)
  2 howler monkeys (D:6)
  An electric eel (D:7)
  A quasit (D:5)
  3 orc priests
  2 hounds
  2 jellies (D:6)
  A gnoll bouda (D:5)
  Terence (D:2)
  3 iguanas
  3 orc wizards
  Robin (D:4)
  4 gnolls (D:5)
  6 adders
  3 shadow imps (D:5)
  4 white imps
  An ufetubus (D:5)
  4 worms
  3 dart slugs
  11 orcs
  9 endoplasms
  7 giant cockroaches
  13 goblins
  13 hobgoblins
  A quokka (D:1)
  7 ball pythons
  8 bats
  5 frilled lizards
  8 kobolds
  6 rats
157 creatures vanquished.

Vanquished Creatures (others)
  An orc (D:7)
  A demonic plant (D:5)
  26 plants (D:7)
28 creatures vanquished.

Grand Total: 185 creatures vanquished

Notes
Turn   | Place    | Note
-------+----------+-------------------------------------------
     0 | D:1      | jejorda2 the Merfolk Berserker began the quest for the Orb.
     0 | D:1      | Reached XP level 1. HP: 18/18 MP: 1/1
    71 | D:1      | Reached XP level 2. HP: 24/24 MP: 2/2
   102 | D:1      | Found Sar Beta's Weapon Emporium.
   186 | D:1      | Found Pafeon's General Store.
   205 | D:1      | Found Hiumun's Antique Weapon Shoppe.
   225 | D:1      | Found Vokov's Weapon Shoppe.
   352 | D:1      | Reached XP level 3. HP: 29/29 MP: 3/3
   467 | D:1      | Reached ** piety under Trog
   562 | D:1      | Reached skill level 5 in Polearms
   659 | D:1      | Found Fimox's Book Shop.
   960 | D:1      | Bought a scroll of identify for 24 gold pieces
  1143 | D:2      | Noticed Terence
  1156 | D:2      | Killed Terence
  1157 | D:2      | Reached XP level 4. HP: 37/37 MP: 4/4
  1829 | D:1      | Bought 2 potions of curing for 72 gold pieces
  1909 | D:3      | Noticed a scorpion
  1917 | D:3      | Killed a scorpion
  1918 | D:3      | Reached skill level 6 in Polearms
  1918 | D:3      | Reached XP level 5. HP: 42/42 MP: 5/5
  2314 | D:3      | Found a shadowy altar of Dithmenos.
  2442 | D:3      | Found an opulent altar of Gozag.
  2466 | D:3      | Found a glowing silver altar of Zin.
  2758 | D:4      | Noticed a black bear
  2767 | D:4      | Killed a black bear
  2768 | D:4      | Reached skill level 7 in Polearms
  2768 | D:4      | Reached XP level 6. HP: 49/49 MP: 6/6
  2851 | D:4      | Reached skill level 5 in Dodging
  2991 | D:4      | Noticed Robin
  3264 | D:4      | Killed Robin
  3321 | D:4      | Reached skill level 5 in Fighting
  3321 | D:4      | Reached XP level 7. HP: 53/56 MP: 7/7
  3352 | D:4      | Found a staircase to the Ecumenical Temple.
  3378 | D:4      | Reached skill level 8 in Polearms
  3646 | D:4      | Found a glowing golden altar of the Shining One.
  3735 | D:4      | Reached *** piety under Trog
  3776 | D:5      | Entered Level 5 of the Dungeon
  3943 | D:5      | Reached skill level 1 in Evocations
  4046 | D:5      | Reached skill level 9 in Polearms
  4046 | D:5      | Reached XP level 8. HP: 64/64 MP: 8/8
  4470 | D:5      | Reached skill level 10 in Polearms
  4930 | D:6      | Noticed Grinder
  4942 | D:6      | Killed Grinder
  4945 | D:6      | Reached skill level 11 in Polearms
  4949 | D:6      | Reached XP level 9. HP: 49/69 MP: 9/9
  5261 | D:6      | Found a radiant altar of Vehumet.
  5399 | D:6      | Reached skill level 12 in Polearms
  5465 | D:6      | Found Magoemec's Antique Weapon Shoppe.
  5881 | D:7      | Reached skill level 5 in Evocations
  5886 | D:7      | HP: 3/69 [killer bee (4)]
  5886 | D:7      | Slain by a killer bee

Illustrated notes

Levels and vault maps discovered:
D:1:      dpeg_arrival_round_b, layout_basic, serial_shops, shop,
          nicolae_shop_bloodbath_and_beyond, nicolae_shop_statue_plus, shop,
          shop
D:2:      layout_basic, serial_park_tiny_2, kennysheep_decorative_pillar,
          uniq_terence
D:3:      layout_rooms, pdpol_temple_overflow_zin_treasury_gozag_greed,
          old_standard_altar
D:4:      layout_gridville, nicolae_tso_swordbearing_angel,
          minmay_temple_entry_enclosed_plants, minmay_misc_feat_plants,
          uniq_robin
D:5:      layout_cave_pools, serial_demonic, serial_demonic_b, serial_demonic_c,
          serial_demonic_g, serial_demonic_a, serial_demonic_g,
          serial_demonic_g, hangedman_decor_diamond_cutter
D:6:      layout_rooms, general_overflow_altar, serial_shops, shop, uniq_grinder
D:7:      layout_basic, serial_bayou_lagoon_b

Skill      XL: |  1  2  3  4  5  6  7  8  9 |
---------------+----------------------------+-----
Dodging        | 3 4 5 6 |  6.0
Polearms       | 5 6 7 9 11 12 | 12.5
Fighting       | 4 5 6 |  6.0
Evocations     | 1 3 5 |  5.0
Armour         | 2 3 |  3.3

Action                     |  1- 3 |  4- 6 |  7- 9 || total
---------------------------+-------+-------+-------++-------
  Melee: Spear             |   142 |    74 |       ||   216
         Punch             |       |     1 |     1 ||     2
         Trident           |       |   102 |   164 ||   266
         Glaive            |       |       |   111 ||   111
         Tailslap          |       |       |     2 ||     2
  Throw: Stone             |       |     3 |     3 ||     6
         Dart              |       |       |     6 ||     6
 Invoke: Berserk           |     2 |     5 |     9 ||    16
         Trog's Hand       |       |       |     3 ||     3
  Evoke: Wand              |       |     1 |       ||     1
    Use: Scroll            |     3 |     4 |     7 ||    14
         Potion            |       |     2 |     1 ||     3
 Armour: Scale mail        |    28 |    76 |    74 ||   178
         Leather armour    |       |       |    11 ||    11
         Plate armour      |       |       |    63 ||    63
  Dodge: Dodged            |    46 |   115 |   133 ||   294

Table legend: (Time is in decaauts)
 A = Elapsed time spent in this place.
 B = Non-inter-level travel time spent in this place.
 C = Inter-level travel time spent in this place.
 D = Time resting spent in this place.
 E = Time spent auto-exploring this place.
 F = Levels seen in this place.
 G = Mean time per level.
                   A        B        C        D        E       F      G
               +--------+--------+--------+--------+--------+-----+--------+
         Total |   5957 |   5569 |    388 |   1160 |   3228 |   7 |  851.0 |
       Dungeon |   5957 |   5569 |    388 |   1160 |   3228 |   7 |  851.0 |
               +--------+--------+--------+--------+--------+-----+--------+

Top non-repeatable levels by time:
     D:1: 1076 daAuts
     D:4: 1023 daAuts
     D:5: 998 daAuts
     D:2: 988 daAuts
     D:3: 827 daAuts
     D:6: 711 daAuts
     D:7: 332 daAuts
